[ AOE2 MATCH · #463301452 ]
UnrankedVietnamese vs Malians
[ REPLAY ANALYSIS · EXTRACTED FROM THE RECORDED GAME ]
Feudal
10:25
Castle
16:09
Imperial
29:53
| APM avg | 26.9 |
| APM peak | 60 |
| eAPM avg | 16.4 |
| Villagers / military | 150 / 679 |
Focus
⚔️ 36.9% · 🌾 63.1%
Scout Cavalry ×334 · Battle Elephant ×243 · Rattan Archer ×40 · Spearman ×39 · Trebuchet (Packed) ×16 · Fire Lancer ×6
Feudal
11:33
Castle
15:25
Imperial
32:38
| APM avg | 17.2 |
| APM peak | 36 |
| eAPM avg | 10.9 |
| Villagers / military | 96 / 260 |
Focus
⚔️ 37.8% · 🌾 62.2%
Gbeto ×110 · Scout Cavalry ×50 · Skirmisher ×36 · Hand Cannoneer ×30 · Trade Cart ×18 · Spearman ×15
Feudal
10:55
Castle
14:36
Imperial
28:26
| APM avg | 20.8 |
| APM peak | 49 |
| eAPM avg | 11.8 |
| Villagers / military | 111 / 124 |
Focus
⚔️ 27.0% · 🌾 73.0%
Skirmisher ×120 · Unknown (2579) ×33 · Trebuchet (Packed) ×4
Feudal
10:43
Castle
15:25
Imperial
29:55
| APM avg | 28.1 |
| APM peak | 89 |
| eAPM avg | 13.6 |
| Villagers / military | 140 / 243 |
Focus
⚔️ 36.2% · 🌾 63.8%
Knight ×148 · Camel Scout ×91 · Trade Cart ×16 · Trebuchet (Packed) ×4
Feudal
10:31
Castle
15:04
Imperial
31:51
| APM avg | 30.6 |
| APM peak | 57 |
| eAPM avg | 20.1 |
| Villagers / military | 158 / 451 |
Focus
⚔️ 43.3% · 🌾 56.7%
Militia ×138 · Scout Cavalry ×131 · Spearman ×116 · Battering Ram ×39 · Konnik ×22 · Mangonel ×2
Feudal
9:26
Castle
21:15
Imperial
34:26
| APM avg | 30.5 |
| APM peak | 76 |
| eAPM avg | 21.1 |
| Villagers / military | 195 / 268 |
Focus
⚔️ 34.8% · 🌾 65.2%
Spearman ×155 · Hand Cannoneer ×63 · Monk ×21 · Bombard Cannon ×19 · Trade Cart ×18 · Battering Ram ×3
Match map
Initial resources + every placement click. Lines = walls · curves = elevation contours. ◆ gold · ⬟ stone · ● berries · ✦ relic · ◌ wall gap
Your base· ✓ Closed at 16:09 · 0t walls · 3 gate(s)
PJtheDcoy's base· ✓ Closed at 15:25 · 0t walls · 2 gate(s)
Dinotrex5989's base· ✓ Closed at 14:36 · 0t walls · 2 gate(s)
Fr4ggi's base· ✓ Closed at 15:25 · 0t walls · 3 gate(s)
Myrmidon Overlord's base· ✓ Closed at 15:04 · 14t walls · 2 gate(s)
Quando's base· ✓ Closed at 21:15 · 1t walls · 2 gate(s)
Smoothed initial terrain · ◌ = detected wall gap · hover for details
Inputs per minute
— Blessedservent - - PJtheDcoy
Build order — Blessedservent
First 150 of 470 actions detected
| 0:02 | Build | House |
| 0:04 | Build | House |
| 0:04 | Queue | Villager (Male) |
| 0:04 | Queue | Villager (Male) |
| 0:05 | Queue | Villager (Male) |
| 0:05 | Queue | Villager (Male) |
| 1:32 | Queue | Villager (Male) |
| 1:55 | Build | Lumber Camp |
| 2:14 | Queue | Villager (Male) |
| 2:14 | Queue | Villager (Male) |
| 2:22 | Queue | Villager (Male) |
| 2:23 | Queue | Villager (Male) |
| 3:08 | Queue | Villager (Male) |
| 3:08 | Queue | Villager (Male) |
| 3:15 | Queue | Villager (Male) |
| 3:16 | Queue | Villager (Male) |
| 3:24 | Build | House |
| 3:47 | Queue | Villager (Male) |
| 3:47 | Queue | Villager (Male) |
| 4:09 | Queue | Villager (Male) |
| 4:29 | Build | Mill |
| 4:54 | Queue | Villager (Male) |
| 4:55 | Queue | Villager (Male) |
| 4:55 | Queue | Villager (Male) |
| 4:55 | Queue | Villager (Male) |
| 5:14 | Build | Mill |
| 5:28 | Build | House |
| 5:45 | Queue | Villager (Male) |
| 5:45 | Queue | Villager (Male) |
| 6:03 | Queue | Villager (Male) |
| 6:34 | Queue | Villager (Male) |
| 6:34 | Queue | Villager (Male) |
| 7:09 | Build | House |
| 7:42 | Queue | Villager (Male) |
| 7:56 | Research | Feudal Age |
| 8:04 | Build | Mining Camp |
| 8:24 | Queue | Villager (Male) |
| 8:24 | Queue | Villager (Male) |
| 8:45 | Build | Farm |
| 8:48 | Build | Farm |
| 9:27 | Build | Farm |
| 9:35 | Queue | Villager (Male) |
| 9:36 | Queue | Villager (Male) |
| 10:25 | Age | Feudal Age |
| 10:41 | Build | Market |
| 10:50 | Build | Farm |
| 11:06 | Build | Farm |
| 11:07 | Build | Farm |
| 11:42 | Queue | Villager (Male) |
| 11:45 | Build | Farm |
| 11:47 | Build | Farm |
| 12:08 | Build | House |
| 12:16 | Build | Blacksmith |
| 12:34 | Queue | Villager (Male) |
| 12:34 | Queue | Villager (Male) |
| 12:51 | Build | Farm |
| 12:51 | Build | Farm |
| 12:52 | Build | Farm |
| 12:52 | Build | Farm |
| 12:53 | Build | Farm |
| 13:11 | Queue | Villager (Male) |
| 13:29 | Research | Castle Age |
| 13:42 | Build | Farm |
| 13:50 | Build | Farm |
| 13:57 | Queue | Villager (Male) |
| 13:57 | Queue | Villager (Male) |
| 15:08 | Queue | Villager (Male) |
| 16:07 | Research | Horse Collar |
| 16:09 | Age | Castle Age |
| 16:15 | Build | Town Center |
| 16:33 | Build | Town Center |
| 16:45 | Build | House |
| 16:47 | Build | House |
| 16:48 | Build | House |
| 16:53 | Research | Double-Bit Axe |
| 17:33 | Queue | Villager (Male) |
| 17:33 | Queue | Villager (Male) |
| 17:35 | Queue | Villager (Male) |
| 17:35 | Queue | Villager (Male) |
| 17:35 | Queue | Villager (Male) |
| 17:36 | Queue | Villager (Male) |
| 17:42 | Build | Farm |
| 17:42 | Build | Farm |
| 17:43 | Build | Farm |
| 17:43 | Build | Farm |
| 17:43 | Build | Farm |
| 17:44 | Build | Farm |
| 17:57 | Queue | Villager (Male) ×5 |
| 18:27 | Queue | Villager (Male) |
| 18:28 | Queue | Villager (Male) |
| 18:29 | Queue | Villager (Male) |
| 18:34 | Queue | Villager (Male) |
| 18:34 | Queue | Villager (Male) |
| 18:35 | Queue | Villager (Male) |
| 19:02 | Research | Wheelbarrow |
| 19:11 | Build | Farm |
| 19:12 | Build | Farm |
| 19:12 | Build | Farm |
| 19:13 | Build | Farm |
| 19:18 | Research | Heavy Plow |
| 19:19 | Research | Heavy Plow |
| 19:27 | Build | Lumber Camp |
| 19:37 | Queue | Villager (Male) ×3 |
| 19:44 | Build | Farm |
| 19:44 | Build | Farm |
| 19:44 | Build | Farm |
| 19:46 | Build | Farm |
| 19:47 | Build | Farm |
| 20:00 | Queue | Villager (Male) ×2 |
| 20:04 | Queue | Villager (Male) |
| 20:04 | Queue | Villager (Male) |
| 20:05 | Queue | Villager (Male) |
| 20:34 | Build | Farm |
| 20:36 | Build | Farm |
| 20:40 | Build | Farm |
| 20:53 | Queue | Villager (Male) ×5 |
| 20:53 | Queue | Villager (Male) ×5 |
| 20:57 | Build | Barracks |
| 21:04 | Build | House |
| 21:05 | Build | House |
| 21:05 | Build | House |
| 21:06 | Build | House |
| 21:07 | Build | House |
| 21:10 | Research | Loom |
| 21:11 | Queue | Villager (Male) ×4 |
| 21:11 | Queue | Villager (Male) ×4 |
| 21:35 | Queue | Villager (Male) ×5 |
| 21:52 | Queue | Villager (Male) ×5 |
| 22:10 | Queue | Villager (Male) ×4 |
| 22:22 | Build | Stable |
| 22:34 | Build | House |
| 22:35 | Build | House |
| 22:37 | Build | House |
| 22:52 | Build | Farm |
| 23:06 | Research | Hand Cart |
| 23:07 | Queue | Villager (Male) ×5 |
| 23:09 | Research | Bow Saw |
| 23:13 | Research | Scale Barding Armor |
| 23:33 | Build | Farm |
| 23:38 | Research | Forging |
| 23:48 | Build | House |
| 23:49 | Build | House |
| 24:02 | Build | Mill |
| 24:03 | Build | Farm |
| 24:03 | Build | Farm |
| 24:03 | Build | Farm |
| 24:04 | Build | Farm |
| 24:04 | Build | Farm |
| 24:04 | Build | Farm |
| 24:04 | Build | Farm |
Build order — PJtheDcoy
First 150 of 326 actions detected
| 0:00 | Queue | Villager (Male) |
| 0:01 | Queue | Villager (Male) |
| 0:01 | Queue | Villager (Male) |
| 0:01 | Queue | Villager (Male) |
| 0:02 | Build | House |
| 0:04 | Build | House |
| 1:25 | Queue | Villager (Male) |
| 1:55 | Build | Lumber Camp |
| 2:05 | Queue | Villager (Male) |
| 2:22 | Queue | Villager (Male) |
| 2:48 | Queue | Villager (Male) |
| 3:06 | Queue | Villager (Male) |
| 3:58 | Queue | Villager (Male) |
| 4:03 | Build | House |
| 4:07 | Build | House |
| 4:16 | Queue | Villager (Male) |
| 4:26 | Queue | Villager (Male) |
| 5:06 | Queue | Villager (Male) |
| 5:06 | Queue | Villager (Male) |
| 5:12 | Queue | Villager (Male) |
| 6:06 | Build | Mill |
| 6:10 | Queue | Villager (Male) |
| 6:11 | Queue | Villager (Male) |
| 6:12 | Queue | Villager (Male) |
| 7:35 | Queue | Villager (Male) |
| 7:36 | Queue | Villager (Male) |
| 7:37 | Queue | Villager (Male) |
| 7:38 | Queue | Villager (Male) |
| 7:47 | Build | House |
| 7:52 | Build | Mining Camp |
| 8:16 | Build | Mining Camp |
| 9:16 | Research | Feudal Age |
| 9:56 | Queue | Villager (Male) |
| 9:56 | Queue | Villager (Male) |
| 10:16 | Build | Farm |
| 10:17 | Build | Farm |
| 10:23 | Build | Farm |
| 10:27 | Build | Farm |
| 11:33 | Age | Feudal Age |
| 11:38 | Build | Market |
| 11:48 | Build | Blacksmith |
| 12:45 | Research | Castle Age |
| 12:54 | Build | Barracks |
| 13:06 | Research | Double-Bit Axe |
| 13:11 | Build | House |
| 13:30 | Build | House |
| 13:41 | Research | Horse Collar |
| 15:17 | Queue | Villager (Male) |
| 15:17 | Queue | Villager (Male) |
| 15:25 | Age | Castle Age |
| 15:34 | Build | Castle |
| 16:13 | Queue | Villager (Male) |
| 16:13 | Queue | Villager (Male) |
| 16:17 | Build | Farm |
| 16:17 | Build | Farm |
| 16:18 | Build | Farm |
| 16:20 | Build | Farm |
| 16:21 | Build | Farm |
| 16:23 | Build | Farm |
| 16:29 | Research | Squires |
| 16:53 | Queue | Villager (Male) |
| 16:54 | Queue | Villager (Male) |
| 17:06 | Research | Loom |
| 17:08 | Build | Farm |
| 17:18 | Queue | Gbeto |
| 17:18 | Queue | Gbeto |
| 17:22 | Build | Mining Camp |
| 17:35 | Build | Farm |
| 17:37 | Build | Farm |
| 17:38 | Build | Farm |
| 17:41 | Queue | Villager (Male) |
| 17:45 | Queue | Gbeto |
| 17:46 | Queue | Gbeto |
| 18:14 | Research | Scale Mail Armor |
| 18:19 | Queue | Villager (Male) |
| 18:32 | Queue | Gbeto |
| 18:53 | Queue | Villager (Male) |
| 18:55 | Build | Farm |
| 18:56 | Build | Farm |
| 19:03 | Queue | Gbeto |
| 19:03 | Queue | Gbeto |
| 19:56 | Queue | Gbeto |
| 19:56 | Queue | Gbeto |
| 19:58 | Research | Forging |
| 20:18 | Queue | Villager (Male) |
| 20:18 | Queue | Villager (Male) |
| 20:36 | Research | Arson |
| 20:55 | Queue | Gbeto |
| 20:55 | Queue | Gbeto |
| 21:04 | Build | Town Center |
| 21:07 | Queue | Villager (Male) |
| 21:07 | Queue | Villager (Male) |
| 21:29 | Queue | Villager (Male) |
| 21:29 | Queue | Villager (Male) |
| 22:23 | Research | Iron Casting |
| 22:24 | Queue | Villager (Male) |
| 22:30 | Build | Farm |
| 22:31 | Build | Farm |
| 22:32 | Build | Farm |
| 22:34 | Build | Farm |
| 22:37 | Build | Farm |
| 22:40 | Queue | Villager (Male) |
| 22:41 | Queue | Villager (Male) |
| 23:19 | Queue | Gbeto |
| 23:19 | Queue | Gbeto |
| 23:20 | Queue | Gbeto |
| 23:20 | Queue | Gbeto |
| 23:23 | Queue | Villager (Male) |
| 24:06 | Queue | Villager (Male) |
| 24:06 | Queue | Villager (Male) |
| 24:06 | Queue | Villager (Male) |
| 24:07 | Queue | Villager (Male) |
| 24:14 | Build | Town Center |
| 24:17 | Queue | Villager (Male) |
| 24:17 | Queue | Villager (Male) |
| 24:46 | Build | Archery Range |
| 25:02 | Research | Wheelbarrow |
| 25:25 | Queue | Gbeto |
| 25:26 | Queue | Gbeto |
| 25:26 | Queue | Gbeto |
| 25:27 | Queue | Gbeto |
| 25:27 | Queue | Gbeto |
| 25:30 | Build | Farm |
| 25:33 | Build | Farm |
| 25:42 | Research | Bow Saw |
| 25:50 | Queue | Gbeto |
| 25:50 | Queue | Gbeto |
| 26:15 | Queue | Villager (Male) ×4 |
| 26:24 | Build | Farm |
| 26:32 | Queue | Villager (Male) |
| 26:32 | Queue | Villager (Male) |
| 27:01 | Build | Farm |
| 27:06 | Queue | Villager (Male) ×5 |
| 27:08 | Build | Farm |
| 27:10 | Build | Farm |
| 27:11 | Build | Farm |
| 27:12 | Build | Farm |
| 27:13 | Build | Farm |
| 27:22 | Build | Farm |
| 27:24 | Queue | Villager (Male) ×3 |
| 27:37 | Build | House |
| 27:37 | Build | House |
| 27:38 | Build | House |
| 27:39 | Build | House |
| 28:24 | Queue | Villager (Male) |
| 28:24 | Queue | Villager (Male) |
| 28:24 | Queue | Villager (Male) |
| 28:26 | Queue | Villager (Male) |
| 28:34 | Build | House |
| 28:35 | Build | House |
Build order — Dinotrex5989
First 150 of 270 actions detected
| 0:01 | Queue | Villager (Male) |
| 0:01 | Queue | Villager (Male) |
| 0:02 | Queue | Villager (Male) |
| 0:02 | Queue | Villager (Male) |
| 0:03 | Build | House |
| 0:05 | Build | House |
| 1:15 | Queue | Villager (Male) |
| 1:33 | Queue | Villager (Male) |
| 1:51 | Build | Settlement |
| 2:03 | Queue | Villager (Male) |
| 2:49 | Queue | Villager (Male) |
| 2:53 | Queue | Villager (Male) |
| 3:55 | Queue | Villager (Male) |
| 3:55 | Queue | Villager (Male) |
| 3:56 | Queue | Villager (Male) |
| 4:03 | Build | House |
| 4:26 | Queue | Villager (Male) |
| 4:47 | Queue | Villager (Male) |
| 5:12 | Queue | Villager (Male) |
| 5:24 | Queue | Villager (Male) |
| 6:06 | Queue | Villager (Male) |
| 6:47 | Build | Settlement |
| 6:49 | Queue | Villager (Male) |
| 6:57 | Queue | Villager (Male) |
| 7:25 | Build | House |
| 7:55 | Queue | Villager (Male) |
| 7:59 | Queue | Villager (Male) |
| 8:18 | Build | Farm |
| 8:19 | Build | Farm |
| 8:19 | Build | Farm |
| 8:30 | Build | Settlement |
| 8:45 | Research | Feudal Age |
| 9:09 | Queue | Villager (Male) |
| 9:10 | Queue | Villager (Male) |
| 10:55 | Age | Feudal Age |
| 11:01 | Build | Market |
| 11:06 | Build | Blacksmith |
| 11:56 | Research | Castle Age |
| 12:04 | Research | Double-Bit Axe |
| 12:40 | Research | Horse Collar |
| 13:34 | Build | Settlement |
| 13:42 | Queue | Villager (Male) |
| 13:43 | Queue | Villager (Male) |
| 13:53 | Build | Farm |
| 14:00 | Build | Farm |
| 14:02 | Build | Farm |
| 14:36 | Age | Castle Age |
| 15:16 | Queue | Villager (Male) |
| 15:17 | Queue | Villager (Male) |
| 15:27 | Build | Farm |
| 15:39 | Queue | Villager (Male) |
| 15:39 | Queue | Villager (Male) |
| 15:52 | Build | Stone Wall |
| 15:57 | Build | Stone Wall |
| 16:05 | Build | Stone Wall |
| 16:11 | Queue | Villager (Male) |
| 16:12 | Research | Loom |
| 16:19 | Build | Farm |
| 16:21 | Build | Farm |
| 17:03 | Build | Farm |
| 17:17 | Queue | Villager (Male) |
| 17:31 | Build | Farm |
| 18:05 | Build | Castle |
| 18:28 | Queue | Villager (Male) |
| 18:29 | Queue | Villager (Male) |
| 18:37 | Build | Farm |
| 18:56 | Research | Fletching |
| 19:04 | Build | Stone Wall |
| 19:11 | Build | Farm |
| 19:29 | Research | Padded Archer Armor |
| 19:30 | Queue | Unit 2579 |
| 19:59 | Build | Settlement |
| 20:18 | Queue | Unit 2579 |
| 20:28 | Queue | Villager (Male) |
| 20:28 | Queue | Villager (Male) |
| 20:33 | Queue | Unit 2579 |
| 20:33 | Queue | Unit 2579 |
| 20:49 | Research | Bodkin Arrow |
| 20:57 | Queue | Villager (Male) |
| 21:13 | Build | Farm |
| 21:14 | Build | Farm |
| 21:25 | Build | Farm |
| 21:33 | Research | Gold Mining |
| 22:07 | Build | House |
| 22:08 | Queue | Unit 2579 |
| 22:09 | Queue | Unit 2579 |
| 22:23 | Build | House |
| 22:26 | Build | House |
| 22:33 | Queue | Unit 2579 |
| 22:41 | Build | Farm |
| 22:47 | Queue | Unit 2579 |
| 23:14 | Queue | Unit 2579 |
| 23:57 | Build | Farm |
| 24:41 | Queue | Villager (Male) |
| 24:46 | Build | House |
| 25:01 | Build | Farm |
| 25:16 | Research | Imperial Age |
| 25:35 | Queue | Unit 2579 |
| 25:56 | Build | University |
| 26:04 | Build | Stone Wall |
| 26:32 | Build | Gate |
| 26:36 | Build | Stone Wall |
| 26:50 | Build | Stone Wall |
| 26:58 | Queue | Unit 2579 |
| 26:58 | Queue | Unit 2579 |
| 27:02 | Build | House |
| 27:06 | Queue | Unit 2579 |
| 27:41 | Build | Gate |
| 27:51 | Queue | Unit 2579 |
| 27:52 | Queue | Unit 2579 |
| 28:26 | Age | Imperial Age |
| 28:30 | Queue | Trebuchet (Packed) |
| 28:33 | Queue | Villager (Male) |
| 28:33 | Queue | Villager (Male) |
| 28:33 | Queue | Villager (Male) |
| 28:59 | Build | Town Center |
| 29:50 | Research | Leather Archer Armor |
| 29:57 | Queue | Villager (Male) |
| 29:57 | Queue | Villager (Male) |
| 30:37 | Queue | Trebuchet (Packed) |
| 30:40 | Queue | Villager (Male) |
| 30:40 | Queue | Villager (Male) |
| 30:43 | Build | Farm |
| 30:48 | Queue | Villager (Male) ×5 |
| 31:14 | Build | Outpost |
| 31:26 | Queue | Villager (Male) ×3 |
| 31:28 | Build | Farm |
| 31:58 | Queue | Trebuchet (Packed) |
| 32:08 | Build | Farm |
| 32:11 | Build | Farm |
| 32:32 | Research | Ballistics |
| 32:48 | Queue | Villager (Male) ×5 |
| 33:06 | Build | Stone Wall |
| 33:43 | Queue | Villager (Male) ×5 |
| 33:53 | Build | Town Center |
| 34:04 | Build | Gate |
| 34:29 | Queue | Villager (Male) ×5 |
| 34:33 | Build | Farm |
| 34:36 | Build | Farm |
| 34:50 | Research | Bow Saw |
| 34:52 | Queue | Villager (Male) |
| 35:30 | Queue | Unit 2579 |
| 35:30 | Queue | Unit 2579 |
| 35:39 | Queue | Villager (Male) ×4 |
| 35:45 | Build | Farm |
| 35:48 | Build | Farm |
| 35:50 | Build | Farm |
| 36:12 | Queue | Villager (Male) ×4 |
| 36:16 | Build | Farm |
| 36:20 | Queue | Unit 2579 ×5 |
Build order — Fr4ggi
First 150 of 482 actions detected
| 0:03 | Build | House |
| 0:05 | Build | House |
| 0:06 | Queue | Villager (Male) |
| 0:06 | Queue | Villager (Male) |
| 0:18 | Queue | Villager (Male) |
| 0:23 | Queue | Villager (Male) |
| 0:38 | Queue | Villager (Male) |
| 1:28 | Queue | Villager (Male) |
| 1:45 | Build | Lumber Camp |
| 2:08 | Queue | Villager (Male) |
| 2:30 | Queue | Villager (Male) |
| 3:06 | Queue | Villager (Male) |
| 3:39 | Queue | Villager (Male) |
| 3:46 | Build | House |
| 4:17 | Queue | Villager (Male) |
| 4:32 | Build | Mill |
| 4:40 | Queue | Villager (Male) |
| 4:40 | Queue | Villager (Male) |
| 4:57 | Queue | Villager (Male) |
| 5:14 | Queue | Villager (Male) |
| 5:37 | Queue | Villager (Male) |
| 5:44 | Build | House |
| 5:47 | Queue | Villager (Male) |
| 5:47 | Queue | Villager (Male) |
| 6:38 | Queue | Villager (Male) |
| 6:46 | Queue | Villager (Male) |
| 7:57 | Queue | Villager (Male) |
| 8:20 | Build | Mining Camp |
| 8:23 | Queue | Villager (Male) |
| 8:37 | Research | Feudal Age |
| 8:44 | Build | Farm |
| 8:47 | Build | Farm |
| 8:51 | Build | Farm |
| 8:53 | Queue | Villager (Male) |
| 9:15 | Build | Barracks |
| 9:17 | Build | House |
| 10:22 | Queue | Villager (Male) |
| 10:43 | Age | Feudal Age |
| 10:51 | Build | Mill |
| 11:17 | Queue | Villager (Male) |
| 11:29 | Build | Stable |
| 11:38 | Build | Farm |
| 11:41 | Queue | Villager (Male) |
| 11:58 | Build | Blacksmith |
| 12:00 | Build | House |
| 12:18 | Build | Farm |
| 12:19 | Queue | Villager (Male) |
| 12:41 | Queue | Villager (Male) |
| 12:45 | Build | House |
| 12:50 | Build | Farm |
| 12:59 | Research | Castle Age |
| 13:10 | Build | House |
| 13:33 | Research | Double-Bit Axe |
| 13:54 | Queue | Villager (Male) |
| 14:05 | Build | Farm |
| 14:29 | Research | Bloodlines |
| 14:31 | Research | Scale Barding Armor |
| 14:54 | Build | Farm |
| 14:54 | Build | Farm |
| 14:59 | Build | Farm |
| 15:17 | Research | Horse Collar |
| 15:25 | Age | Castle Age |
| 15:33 | Queue | Villager (Male) |
| 15:44 | Build | Town Center |
| 15:49 | Queue | Villager (Male) |
| 15:49 | Queue | Villager (Male) |
| 15:58 | Queue | Knight |
| 16:20 | Queue | Villager (Male) |
| 16:25 | Queue | Knight |
| 16:37 | Queue | Villager (Male) |
| 16:43 | Build | Farm |
| 16:49 | Build | Farm |
| 16:56 | Build | Farm |
| 17:12 | Queue | Villager (Male) |
| 17:12 | Queue | Villager (Male) |
| 17:15 | Queue | Villager (Male) |
| 17:15 | Queue | Villager (Male) |
| 17:20 | Build | Farm |
| 17:28 | Research | Gold Mining |
| 17:32 | Queue | Villager (Male) |
| 17:32 | Queue | Villager (Male) |
| 18:09 | Build | Farm |
| 18:22 | Queue | Villager (Male) |
| 18:23 | Queue | Villager (Male) |
| 18:25 | Queue | Villager (Male) |
| 18:26 | Queue | Villager (Male) |
| 18:30 | Build | Farm |
| 18:47 | Queue | Villager (Male) |
| 18:49 | Queue | Villager (Male) |
| 18:53 | Build | Farm |
| 19:05 | Build | Mining Camp |
| 19:09 | Queue | Villager (Male) |
| 19:18 | Queue | Knight |
| 19:24 | Build | Farm |
| 19:30 | Build | House |
| 19:31 | Build | House |
| 19:52 | Build | Farm |
| 19:54 | Research | Forging |
| 19:56 | Queue | Knight |
| 20:02 | Queue | Villager (Male) |
| 20:13 | Build | Farm |
| 20:19 | Build | Farm |
| 20:29 | Queue | Knight |
| 20:42 | Queue | Villager (Male) |
| 20:53 | Build | Town Center |
| 21:06 | Queue | Knight |
| 21:24 | Build | Stable |
| 21:30 | Research | Wheelbarrow |
| 21:31 | Queue | Villager (Male) |
| 21:31 | Queue | Villager (Male) |
| 21:45 | Build | House |
| 21:48 | Build | House |
| 21:49 | Build | House |
| 21:53 | Research | Husbandry |
| 22:04 | Research | Bow Saw |
| 22:05 | Queue | Villager (Male) |
| 22:05 | Queue | Villager (Male) |
| 22:45 | Queue | Villager (Male) |
| 22:46 | Queue | Villager (Male) |
| 22:48 | Queue | Villager (Male) |
| 22:58 | Build | Stable |
| 23:00 | Build | House |
| 23:04 | Queue | Villager (Male) |
| 23:05 | Queue | Villager (Male) |
| 23:09 | Queue | Villager (Male) |
| 23:10 | Queue | Villager (Male) |
| 23:11 | Queue | Villager (Male) |
| 23:24 | Build | Farm |
| 23:25 | Queue | Villager (Male) |
| 23:30 | Queue | Villager (Male) |
| 23:32 | Queue | Villager (Male) |
| 23:36 | Build | Farm |
| 23:52 | Build | Farm |
| 23:56 | Queue | Villager (Male) |
| 23:58 | Queue | Villager (Male) |
| 24:05 | Build | Farm |
| 24:06 | Research | Heavy Plow |
| 24:18 | Build | Farm |
| 24:21 | Queue | Villager (Male) |
| 24:22 | Queue | Villager (Male) |
| 24:24 | Queue | Villager (Male) |
| 24:25 | Queue | Villager (Male) |
| 24:33 | Build | Lumber Camp |
| 24:45 | Build | Siege Workshop |
| 24:56 | Build | University |
| 25:04 | Build | House |
| 25:05 | Build | House |
| 25:11 | Build | Farm |
| 25:13 | Build | Farm |
| 25:15 | Research | Hand Cart |
Build order — Myrmidon Overlord
First 150 of 640 actions detected
| 0:01 | Queue | Villager (Male) |
| 0:01 | Queue | Villager (Male) |
| 0:02 | Build | House |
| 0:04 | Build | House |
| 0:25 | Queue | Villager (Male) |
| 0:25 | Queue | Villager (Male) |
| 1:24 | Queue | Villager (Male) |
| 1:44 | Build | Lumber Camp |
| 1:58 | Queue | Villager (Male) |
| 2:19 | Queue | Villager (Male) |
| 2:46 | Queue | Villager (Male) |
| 3:07 | Queue | Villager (Male) |
| 3:37 | Queue | Villager (Male) |
| 3:43 | Build | House |
| 3:49 | Queue | Villager (Male) |
| 4:12 | Build | Mill |
| 4:22 | Queue | Villager (Male) |
| 4:57 | Queue | Villager (Male) |
| 4:57 | Queue | Villager (Male) |
| 5:20 | Queue | Villager (Male) |
| 5:21 | Queue | Villager (Male) |
| 5:25 | Queue | Villager (Male) |
| 5:25 | Queue | Villager (Male) |
| 5:44 | Queue | Villager (Male) |
| 5:59 | Build | House |
| 6:02 | Build | House |
| 6:23 | Queue | Villager (Male) |
| 6:38 | Build | Mining Camp |
| 6:45 | Build | Farm |
| 7:11 | Queue | Villager (Male) |
| 8:15 | Research | Feudal Age |
| 9:11 | Queue | Villager (Male) |
| 9:11 | Queue | Villager (Male) |
| 10:03 | Build | House |
| 10:31 | Age | Feudal Age |
| 10:35 | Build | Market |
| 10:38 | Build | Blacksmith |
| 10:55 | Build | Farm |
| 11:13 | Build | Stone Wall |
| 11:17 | Research | Loom |
| 11:27 | Build | Mill |
| 12:24 | Research | Castle Age |
| 12:38 | Build | Mining Camp |
| 13:03 | Build | Stone Wall |
| 13:30 | Research | Double-Bit Axe |
| 13:32 | Research | Horse Collar |
| 14:59 | Build | House |
| 15:00 | Build | House |
| 15:04 | Age | Castle Age |
| 15:05 | Build | House |
| 15:15 | Build | Krepost |
| 15:21 | Queue | Villager (Male) |
| 15:21 | Queue | Villager (Male) |
| 15:29 | Queue | Villager (Male) |
| 15:48 | Build | House |
| 15:56 | Build | Palisade Wall |
| 16:03 | Research | Fletching |
| 16:18 | Queue | Villager (Male) |
| 16:27 | Research | Bodkin Arrow |
| 16:34 | Queue | Villager (Male) |
| 17:41 | Queue | Villager (Male) |
| 17:58 | Queue | Villager (Male) |
| 18:03 | Build | Town Center |
| 18:15 | Build | Farm |
| 18:17 | Build | Farm |
| 18:17 | Queue | Villager (Male) |
| 18:21 | Build | Farm |
| 18:25 | Build | Farm |
| 19:00 | Queue | Villager (Male) |
| 19:02 | Build | Farm |
| 19:20 | Build | Market |
| 19:39 | Queue | Villager (Male) |
| 19:42 | Build | Farm |
| 19:43 | Build | Farm |
| 19:45 | Build | Farm |
| 19:47 | Build | Farm |
| 20:08 | Build | House |
| 20:13 | Queue | Villager (Male) |
| 20:31 | Build | Krepost |
| 21:07 | Queue | Villager (Male) |
| 21:08 | Queue | Villager (Male) |
| 21:35 | Queue | Villager (Male) |
| 21:53 | Queue | Villager (Male) |
| 21:57 | Build | Farm |
| 22:02 | Build | Farm |
| 22:07 | Build | Lumber Camp |
| 22:07 | Queue | Villager (Male) |
| 22:10 | Build | Farm |
| 22:10 | Build | Farm |
| 22:19 | Build | Farm |
| 22:31 | Build | Siege Workshop |
| 22:35 | Build | Farm |
| 22:36 | Queue | Villager (Male) |
| 22:44 | Build | House |
| 22:49 | Queue | Villager (Male) |
| 22:52 | Build | Farm |
| 23:02 | Build | Farm |
| 23:03 | Build | Farm |
| 23:03 | Queue | Villager (Male) |
| 23:23 | Queue | Mangonel |
| 23:48 | Build | Gate |
| 23:57 | Build | Gate |
| 24:02 | Queue | Villager (Male) |
| 24:02 | Queue | Villager (Male) |
| 24:07 | Queue | Villager (Male) |
| 24:10 | Research | Gold Mining |
| 24:31 | Queue | Villager (Male) |
| 24:36 | Queue | Villager (Male) |
| 24:41 | Build | Farm |
| 24:43 | Build | Farm |
| 24:43 | Queue | Villager (Male) |
| 25:35 | Queue | Villager (Male) |
| 25:36 | Research | Wheelbarrow |
| 25:42 | Build | Farm |
| 25:43 | Build | Farm |
| 25:49 | Build | Farm |
| 25:52 | Build | Farm |
| 25:52 | Queue | Villager (Male) |
| 26:49 | Research | Town Watch |
| 26:52 | Queue | Villager (Male) |
| 27:07 | Build | House |
| 27:10 | Queue | Mangonel |
| 27:40 | Build | Castle |
| 27:40 | Queue | Villager (Male) |
| 27:53 | Queue | Villager (Male) |
| 28:33 | Build | Farm |
| 28:41 | Research | Imperial Age |
| 29:00 | Build | Stone Wall |
| 29:26 | Research | Town Watch |
| 29:32 | Research | Bow Saw |
| 29:38 | Research | Heavy Plow |
| 29:41 | Build | Farm |
| 30:03 | Queue | Villager (Male) |
| 30:03 | Queue | Villager (Male) |
| 30:05 | Queue | Villager (Male) |
| 30:15 | Queue | Battering Ram |
| 30:23 | Build | Farm |
| 30:27 | Build | Farm |
| 30:30 | Queue | Villager (Male) |
| 30:33 | Research | Hand Cart |
| 30:37 | Build | Blacksmith |
| 30:54 | Queue | Battering Ram |
| 31:00 | Queue | Villager (Male) |
| 31:25 | Research | Scale Mail Armor |
| 31:26 | Research | Forging |
| 31:35 | Queue | Battering Ram |
| 31:45 | Build | Barracks |
| 31:49 | Build | Barracks |
| 31:51 | Age | Imperial Age |
| 31:58 | Queue | Trebuchet (Packed) |
Build order — Quando
First 150 of 517 actions detected
| 0:01 | Queue | Villager (Male) |
| 0:01 | Queue | Villager (Male) |
| 0:02 | Queue | Villager (Male) |
| 0:03 | Build | House |
| 0:04 | Build | House |
| 0:24 | Queue | Villager (Male) |
| 1:37 | Queue | Villager (Male) |
| 1:46 | Build | Lumber Camp |
| 2:00 | Queue | Villager (Male) |
| 2:16 | Queue | Villager (Male) |
| 2:55 | Queue | Villager (Male) |
| 3:20 | Queue | Villager (Male) |
| 3:38 | Queue | Villager (Male) |
| 3:52 | Build | House |
| 3:53 | Build | House |
| 4:06 | Queue | Villager (Male) |
| 4:14 | Queue | Villager (Male) |
| 4:45 | Queue | Villager (Male) |
| 5:00 | Build | House |
| 5:11 | Build | Mill |
| 5:28 | Queue | Villager (Male) |
| 5:46 | Queue | Villager (Male) |
| 5:47 | Queue | Villager (Male) |
| 6:15 | Build | Mining Camp |
| 6:46 | Research | Loom |
| 7:16 | Research | Feudal Age |
| 7:55 | Build | Mill |
| 8:58 | Queue | Villager (Male) |
| 9:26 | Age | Feudal Age |
| 9:32 | Build | Watch Tower |
| 9:45 | Research | Double-Bit Axe |
| 9:46 | Queue | Villager (Male) |
| 10:08 | Queue | Villager (Male) |
| 10:26 | Queue | Villager (Male) |
| 10:28 | Queue | Villager (Male) |
| 10:48 | Build | Blacksmith |
| 10:51 | Queue | Villager (Male) |
| 11:16 | Build | House |
| 11:22 | Build | House |
| 11:53 | Build | Watch Tower |
| 11:56 | Queue | Villager (Male) |
| 12:10 | Queue | Villager (Male) |
| 12:19 | Research | Fletching |
| 12:22 | Queue | Villager (Male) |
| 12:50 | Build | Mining Camp |
| 12:51 | Queue | Villager (Male) |
| 13:01 | Build | Farm |
| 13:05 | Queue | Villager (Male) |
| 13:19 | Build | Farm |
| 13:23 | Build | House |
| 13:24 | Build | House |
| 13:36 | Queue | Villager (Male) |
| 13:45 | Build | Farm |
| 14:00 | Build | Farm |
| 14:03 | Queue | Villager (Male) |
| 14:31 | Build | Watch Tower |
| 14:42 | Build | Farm |
| 14:43 | Queue | Villager (Male) |
| 14:53 | Queue | Villager (Male) |
| 14:57 | Build | Farm |
| 15:00 | Build | Farm |
| 15:02 | Build | Farm |
| 15:03 | Queue | Villager (Male) |
| 15:20 | Queue | Villager (Male) |
| 15:47 | Queue | Villager (Male) |
| 16:09 | Build | Watch Tower |
| 16:26 | Queue | Villager (Male) |
| 16:38 | Build | Farm |
| 16:39 | Build | Farm |
| 16:40 | Build | Farm |
| 16:42 | Build | Market |
| 17:07 | Build | Stone Wall |
| 17:25 | Queue | Villager (Male) |
| 17:47 | Build | Watch Tower |
| 18:00 | Queue | Villager (Male) |
| 18:04 | Build | Farm |
| 18:17 | Build | Farm |
| 18:19 | Build | Farm |
| 18:34 | Build | Watch Tower |
| 18:35 | Research | Castle Age |
| 19:05 | Research | Horse Collar |
| 19:26 | Build | Outpost |
| 19:52 | Build | Watch Tower |
| 20:03 | Build | Watch Tower |
| 20:10 | Queue | Villager (Male) |
| 20:11 | Research | Stone Mining |
| 21:14 | Queue | Villager (Male) |
| 21:15 | Age | Castle Age |
| 21:20 | Research | Bodkin Arrow |
| 21:27 | Build | University |
| 21:31 | Build | Town Center |
| 21:59 | Build | Siege Workshop |
| 22:02 | Build | Monastery |
| 22:02 | Queue | Villager (Male) |
| 22:03 | Queue | Villager (Male) |
| 22:27 | Research | Wheelbarrow |
| 22:37 | Queue | Battering Ram |
| 22:50 | Queue | Villager (Male) |
| 22:56 | Queue | Villager (Male) |
| 22:56 | Queue | Villager (Male) |
| 23:06 | Queue | Villager (Male) |
| 23:10 | Queue | Monk |
| 23:25 | Build | Mining Camp |
| 23:34 | Queue | Villager (Male) |
| 23:44 | Queue | Villager (Male) |
| 23:44 | Queue | Villager (Male) |
| 24:38 | Queue | Monk |
| 24:49 | Queue | Villager (Male) |
| 24:50 | Queue | Villager (Male) |
| 25:10 | Queue | Villager (Male) |
| 25:13 | Build | Town Center |
| 25:39 | Build | Watch Tower |
| 25:45 | Queue | Villager (Male) |
| 25:46 | Queue | Villager (Male) |
| 25:46 | Queue | Villager (Male) |
| 26:04 | Queue | Villager (Male) |
| 26:05 | Queue | Battering Ram |
| 26:08 | Build | House |
| 26:09 | Build | House |
| 26:09 | Build | House |
| 26:27 | Queue | Villager (Male) |
| 26:28 | Queue | Villager (Male) |
| 26:51 | Queue | Villager (Male) |
| 26:52 | Queue | Villager (Male) |
| 27:21 | Queue | Villager (Male) |
| 27:21 | Queue | Villager (Male) |
| 27:24 | Build | Castle |
| 27:56 | Queue | Villager (Male) |
| 27:56 | Queue | Villager (Male) |
| 27:56 | Queue | Villager (Male) |
| 28:13 | Queue | Villager (Male) |
| 28:13 | Queue | Villager (Male) |
| 28:28 | Queue | Villager (Male) |
| 28:29 | Queue | Villager (Male) |
| 28:33 | Build | Farm |
| 28:34 | Build | Farm |
| 28:34 | Build | Farm |
| 28:35 | Build | Farm |
| 28:35 | Build | Farm |
| 28:35 | Build | Farm |
| 28:35 | Build | Farm |
| 28:36 | Build | Farm |
| 28:36 | Build | Farm |
| 28:41 | Research | Town Watch |
| 28:42 | Build | Farm |
| 29:00 | Build | Mining Camp |
| 29:05 | Build | Farm |
| 29:07 | Queue | Villager (Male) |
| 29:09 | Build | Farm |
| 29:09 | Build | Farm |
Match timeline
| 9:15 | Fr4ggi · first_building Barracks |
| 9:26 | Quando · age_up feudal |
| 10:25 | Blessedservent · age_up feudal |
| 10:31 | Myrmidon Overlord · age_up feudal |
| 10:43 | Fr4ggi · age_up feudal |
| 10:55 | Dinotrex5989 · age_up feudal |
| 11:13 | Myrmidon Overlord · wall_segment Stone Wall x9 |
| 11:29 | Fr4ggi · first_building Stable |
| 11:33 | PJtheDcoy · age_up feudal |
| 12:08 | Myrmidon Overlord · first_market_sell 100 stone |
| 12:19 | Blessedservent · first_market_buy 100 food |
| 12:20 | Myrmidon Overlord · first_market_buy 100 food |
| 12:26 | Blessedservent · first_market_sell 100 stone |
| 12:54 | PJtheDcoy · first_building Barracks |
| 13:03 | Myrmidon Overlord · wall_segment Stone Wall x5 |
| 14:36 | Dinotrex5989 · age_up castle |
| 15:04 | Myrmidon Overlord · age_up castle |
| 15:15 | Myrmidon Overlord · first_building Krepost |
| 15:25 | Fr4ggi · age_up castle |
| 15:25 | PJtheDcoy · age_up castle |
| 15:34 | PJtheDcoy · first_building Castle |
| 15:52 | Dinotrex5989 · wall_segment Stone Wall x3 |
| 15:56 | Myrmidon Overlord · wall_segment Palisade Wall x1 |
| 15:57 | Dinotrex5989 · wall_segment Stone Wall x8 |
| 16:05 | Dinotrex5989 · wall_segment Stone Wall x14 |
| 16:09 | Blessedservent · age_up castle |
| 17:07 | Quando · wall_segment Stone Wall x1 |
| 17:47 | Dinotrex5989 · first_market_sell 100 wood |
| 17:48 | Dinotrex5989 · first_market_buy 100 stone |
| 18:05 | Dinotrex5989 · first_building Castle |
| 19:04 | Dinotrex5989 · wall_segment Stone Wall x9 |
| 20:57 | Blessedservent · first_building Barracks |
| 21:15 | Quando · age_up castle |
| 21:59 | Quando · first_building Siege Workshop |
| 22:02 | Quando · first_building Monastery |
| 22:22 | Blessedservent · first_building Stable |
| 22:31 | Myrmidon Overlord · first_building Siege Workshop |
| 22:36 | Quando · first_market_buy 100 wood |
| 24:45 | Fr4ggi · first_building Siege Workshop |
| 24:46 | PJtheDcoy · first_building Archery Range |
| 25:49 | Blessedservent · first_building Monastery |
| 26:04 | Dinotrex5989 · wall_segment Stone Wall x9 |
| 26:36 | Dinotrex5989 · wall_segment Stone Wall x3 |
| 26:50 | Dinotrex5989 · wall_segment Stone Wall x2 |
| 27:14 | Blessedservent · first_building Castle |
| 27:24 | Quando · first_building Castle |
| 27:40 | Myrmidon Overlord · first_building Castle |
| 27:56 | Blessedservent · first_building Siege Workshop |
| 28:26 | Dinotrex5989 · age_up imperial |
| 29:00 | Myrmidon Overlord · wall_segment Stone Wall x4 |
| 29:53 | Blessedservent · age_up imperial |
| 29:55 | Fr4ggi · age_up imperial |
| 29:59 | Blessedservent · tribute_sent a jugador 1 |
| 29:59 | Blessedservent · tribute_sent a jugador 2 |
| 29:59 | Blessedservent · tribute_sent a jugador 3 |
| 29:59 | Blessedservent · tribute_sent a jugador 4 |
| 29:59 | Blessedservent · tribute_sent a jugador 5 |
| 31:00 | Fr4ggi · first_building Castle |
| 31:11 | Quando · first_market_sell 100 stone |
| 31:45 | Myrmidon Overlord · first_building Barracks |
| 31:48 | Blessedservent · tribute_sent a jugador 1 |
| 31:48 | Blessedservent · tribute_sent a jugador 2 |
| 31:48 | Blessedservent · tribute_sent a jugador 3 |
| 31:48 | Blessedservent · tribute_sent a jugador 4 |
| 31:48 | Blessedservent · tribute_sent a jugador 5 |
| 31:51 | Myrmidon Overlord · age_up imperial |
| 32:38 | PJtheDcoy · age_up imperial |
| 33:06 | Dinotrex5989 · wall_segment Stone Wall x12 |
| 33:50 | PJtheDcoy · first_building Stable |
| 34:26 | Quando · age_up imperial |
| 38:39 | Myrmidon Overlord · first_building Stable |
| 38:46 | Dinotrex5989 · first_building Barracks |
| 39:43 | PJtheDcoy · first_building Siege Workshop |
| 41:17 | Myrmidon Overlord · wall_segment Stone Wall x1 |
| 41:19 | Myrmidon Overlord · wall_segment Stone Wall x1 |
| 41:24 | Myrmidon Overlord · wall_segment Stone Wall x1 |
| 41:57 | PJtheDcoy · wall_segment Stone Wall x32 |
| 42:17 | Dinotrex5989 · first_building Archery Range |
| 43:10 | Quando · first_building Barracks |
| 43:58 | Quando · first_building Archery Range |
| 51:58 | Myrmidon Overlord · first_building Monastery |
| 52:01 | Dinotrex5989 · tribute_sent a jugador 1 |
| 52:01 | Dinotrex5989 · tribute_sent a jugador 3 |
| 52:01 | Dinotrex5989 · tribute_sent a jugador 4 |
| 52:01 | Dinotrex5989 · tribute_sent a jugador 5 |
| 52:01 | Dinotrex5989 · tribute_sent a jugador 6 |
| 53:20 | Fr4ggi · first_market_sell 500 food |
| 59:45 | Dinotrex5989 · first_building Siege Workshop |
| 60:39 | Quando · first_building Stable |
| 61:40 | Blessedservent · resign |
[ AI ANALYSIS · 1 CREDIT ]
What really happened in this match?
Wolo.gg analyzes every decision: build order, eco, micro, common mistakes by bracket. Personalized analysis on WhatsApp or Discord in 30 seconds.
Civ guide
Vietnamese
Perfil
Jugador #9630411